 Dungeon Crawl Stone Soup version 0.18-b1-18-g7758cf2 (webtiles) character file.

29 Chiseanne the Magician (level 3, 24/25 HPs)
             Began as a Demonspawn Wizard on May 2, 2016.
             Quit the game on level 2 of the Dungeon.
             The game lasted 00:02:31 (1235 turns).

Chiseanne the Magician (Demonspawn Wizard)          Turns: 1235, Time: 00:02:32

Health: 24/25      AC:  8    Str:  7    XL:     3   Next: 1%
Magic:  7/7        EV: 11    Int: 20    God:
Gold:   44         SH:  0    Dex: 10    Spells: 3 memorised, 3 levels left

rFire  . . .     SeeInvis .     a - +1 short sword (elec)
rCold  . . .     Gourm    .     f - +0 leather armour
rNeg   . . .     Faith    .     (no shield)
rPois  .         Spirit   .     b - +0 hat
rElec  .         Dismiss  .     (no cloak)
rCorr  .         Reflect  .     (no gloves)
SustAt .         Harm     .     l - +0 pair of boots
MR     .....                    (no amulet)
Stlth  +.........               (no ring)
                                (no ring)

@: repel missiles, not resistant to hostile enchantments, very unstealthy
A: rough black scales 1, powered by pain 1
a: no special abilities


You were on level 2 of the Dungeon.
You were not hungry.

You visited 1 branch of the dungeon, and saw 2 of its levels.

You collected 44 gold pieces.

Inventory:

Hand Weapons
 a - a +1 short sword of electrocution (weapon)
Missiles
 k - 24 sling bullets
 m - 30 stones (quivered)
Armour
 b - a +0 hat (worn)
 f - a +0 leather armour (worn)
 l - a +0 pair of boots (worn)
Scrolls
 g - 2 scrolls of remove curse
Potions
 e - a potion of curing {unknown}
 i - a potion of ambrosia {unknown}
 j - a potion of mutation {unknown}
Books
 c - a book of Minor Magic

   Spells                             Type                      Level
   a - Magic Dart                     Conjuration                  1
   b - Blink                          Translocation                2
   c - Call Imp                       Summoning                    2
   d - Repel Missiles                 Charms/Air                   2
   e - Slow                           Hexes                        2
   f - Conjure Flame                  Conjuration/Fire             3
   g - Mephitic Cloud                 Conjuration/Poison/Air       3
Comestibles
 d - a bread ration
 h - 2 meat rations
 n - 4 chunks of flesh


   Skills:
 * Level 0.8 Fighting
 * Level 1.0 Armour
 - Level 1.7 Dodging
 - Level 1.7 Stealth
 * Level 3.4 Spellcasting
 * Level 1.4 Conjurations
   Level 1.0 Summonings
 - Level 0.8 Translocations


You had 3 spell levels left.
You knew the following spells:

 Your Spells              Type           Power        Failure   Level  Hunger
a - Magic Dart            Conj           #...         14%         1    None
b - Blink                 Tloc           N/A          24%         2    ##.....
c - Repel Missiles        Chrm/Air       #.....       34%         2    ##.....


Dungeon Overview and Level Annotations

Branches:
Dungeon (2/15)

Altars:


Innate Abilities, Weirdness & Mutations

You are partially covered in rough black scales (AC +4, Dex -1).
You sometimes gain a little power by taking damage.


Message History

No target in view!
No target in view!
No target in view!
No target in view!
No target in view!
No target in view!
You see here a giant newt corpse.
A goblin comes into view. It is wielding a dagger.
The goblin shouts!
The goblin hits you with a dagger.
You closely miss the goblin. The goblin hits you but does no damage.
You hit the goblin.
You kill the goblin!
You have reached level 3!
Your experience leads to an increase in your attributes!
Increase (S)trength, (I)ntelligence, or (D)exterity?
You feel clever.
Your demonic ancestry asserts itself...
You feel energised by your suffering.
A worm comes into view.
Are you sure you want to abandon this character and quit the game? (Confirm with "yes".)

... .. ##### ..
#.$.##. #....w
+....# #####....###
####### .......@...#
#.....# #####.).##.#
#.....# #...##.#
#.....# #...##†#
#.....# #...##.#
#.....#
#...##.######.....##
#...##.............#
##################÷#
#.#


You could see a worm.

Vanquished Creatures
  A giant gecko (D:1)
  A ball python (D:1)
  5 bats (D:1)
  2 hobgoblins
  5 jackals (D:1)
  3 kobolds (D:1)
  2 giant newts
  3 goblins
  5 rats
27 creatures vanquished.

Notes
Turn   | Place    | Note
--------------------------------------------------------------
     0 | D:1      | Chiseanne the Demonspawn Wizard began the quest for the Orb.
     0 | D:1      | Reached XP level 1. HP: 13/13 MP: 4/4
   496 | D:1      | Gained mutation: You are partially covered in rough black scales (AC +4, Dex -1). [demonic ancestry]
   496 | D:1      | Reached XP level 2. HP: 19/20 MP: 6/6
   876 | D:1      | Reached skill level 1 in Armour
  1035 | D:1      | Learned a level 2 spell: Blink
  1038 | D:1      | Learned a level 2 spell: Repel Missiles
  1234 | D:2      | Gained mutation: You sometimes gain a little power by taking damage. [demonic ancestry]
  1234 | D:2      | Reached XP level 3. HP: 24/25 MP: 7/7
  1235 | D:2      | Quit the game

Skill      XL: |  1  2 |
---------------+-------+-----
Armour         | 1 |  1.0
Fighting       | |  0.8
Dodging        | |  1.7
Stealth        | |  1.7
Spellcasting   | |  3.4
Conjurations   | |  1.4
Summonings     | |  1.0
Translocations | |  0.8

Action                   || total
-------------------------++-------
Melee: Short sword       ||    59
 Cast: Magic Dart        ||     8
       Repel Missiles    ||     1
  Use: Scroll            ||     3
 Stab: Sleeping          ||     3
  Eat: Chunk             ||     1
Armor: Leather armour    ||    23
Dodge: Dodged            ||    48
